 Dungeon Crawl Stone Soup version 0.18-a0-1225-g5d63bca (webtiles) character file.

17 ololoev the Firebug (level 2, 0/15 HPs)
             Began as a Deep Elf Fire Elementalist on Feb 3, 2016.
             Killed by nerve-wracking pain
             ... invoked by Jessica
              (10 damage)
             ... on level 2 of the Dungeon.
             The game lasted 00:02:33 (229 turns).

ololoev the Firebug (Deep Elf Fire Elementalist)     Turns: 229, Time: 00:02:33

Health: 0/15       AC:  2    Str:  5    XL:     2   Next: 44%
Magic:  8/8        EV: 13    Int: 19    God:
Gold:   39         SH:  0    Dex: 15    Spells: 1 memorised, 6 levels left

rFire  . . .     SeeInvis .     h - +0 short sword (venom)
rCold  . . .     Gourm    .     a - +0 robe
rNeg   . . .     Faith    .     (no shield)
rPois  .         Spirit   .     (no helmet)
rElec  .         Dismiss  .     (no cloak)
rCorr  .         Reflect  .     (no gloves)
SustAt .         Harm     .     (no boots)
MR     .....                    (no amulet)
Stlth  ++........               (no ring)
                                (no ring)

@: not resistant to hostile enchantments, unstealthy
A: no striking features
a: no special abilities

Inventory:

Hand Weapons
 h - a +0 short sword of venom (weapon)
Armour
 a - a +0 robe (worn)
 k - a +0 robe of magic resistance
Scrolls
 e - a scroll of identify {unknown}
 l - a scroll of immolation {unknown}
Potions
 d - a potion of flight {unknown}
 f - a potion of lignification {unknown}
 i - a potion of curing {unknown}
Books
 b - a book of Flames

   Spells                             Type                      Level
   a - Flame Tongue                   Conjuration/Fire             1
   b - Throw Flame                    Conjuration/Fire             2
   c - Conjure Flame                  Conjuration/Fire             3
   d - Inner Flame                    Hexes/Fire                   3
   e - Sticky Flame                   Conjuration/Fire             4
   f - Fireball                       Conjuration/Fire             5
Comestibles
 c - a bread ration
 g - 3 chunks of flesh
 j - 2 meat rations


   Skills:
 - Level 2.4 Dodging
 - Level 2.4 Stealth
 + Level 3.3 Spellcasting
 * Level 1.9 Conjurations
 + Level 3.7 Fire Magic


You had 6 spell levels left.
You knew the following spells:

 Your Spells              Type           Power        Failure   Level  Hunger
a - Flame Tongue          Conj/Fire      ##...        6%          1    None


You were on level 2 of the Dungeon.
You were not hungry.

You visited 1 branch of the dungeon, and saw 2 of its levels.

You collected 39 gold pieces.

## ### .. ..#
######.#####.#
....#.... ...
#......# #.#
#......# #.#
###......# #.#
.......<.###@#
$.......>.r.>#
###.......@....#
#......#######
........#
###......#
#......#
####.### #.

Notes
Turn   | Place    | Note
--------------------------------------------------------------
     0 | D:1      | ololoev the Deep Elf Fire Elementalist began the quest for the Orb.
     0 | D:1      | Reached XP level 1. HP: 10/10 MP: 6/6
    40 | D:2      | Noticed Jessica
    57 | D:1      | Reached XP level 2. HP: 15/15 MP: 0/8
   229 | D:2      | Killed from afar by Jessica

Dungeon Overview and Level Annotations

Branches:
Dungeon (2/15)

Altars:

Annotations:
D:2 Jessica


Message History

g - 3 chunks of flesh (gained 1)
Things that are here:
a dagger; a goblin skeleton A giant newt comes into view.
You can't go down here!
You hit the giant newt.
You kill the giant newt!
There is a stone staircase leading down here.
You climb downwards.
Level annotation: Jessica The rat barely misses you.
The rat bites you.
There is a stone staircase leading up here.
Casting: Flame Tongue
Confirm with . or Enter, or press ? or * to list all spells.
Aiming: Flame Tongue
Press: ? - help, Shift-Dir - straight line, f - Jessica
Aim: Jessica, wielding a club and wearing a runed robe The flame tongue misses Jessica.
Jessica says, "I'm really upset."
The rat closely misses you.
You hit Jessica but do no damage. The rat bites you.
Jessica gestures at you while chanting.
You barely resist. You hit Jessica.
Jessica is poisoned.
Jessica is lightly wounded.
The rat misses you.
Jessica grins evilly.
Jessica barely misses you.
You hit Jessica but do no damage.
Jessica is lightly wounded.
The rat barely misses you. Jessica closely misses you.
There is a stone staircase leading down here.
The rat bites you but does no damage.
Jessica says, "I'm really upset."
Jessica casts a spell.
Jessica seems to speed up.
Jessica casts a spell at you. Pain shoots through your body!
Ouch! That really hurt!
You die...

You could see Jessica and a rat.

Vanquished Creatures
  An ooze (D:1)
  A giant gecko (D:1)
  A giant cockroach (D:1)
  2 goblins (D:1)
  2 hobgoblins (D:1)
  A kobold (D:1)
  A bat (D:1)
  2 giant newts (D:1)
11 creatures vanquished.

Action                   || total
-------------------------++-------
Melee: Unarmed           ||     3
       Short sword       ||     9
 Cast: Flame Tongue      ||    15

Vault maps used:
D:1:      saegor_arrival_simple_a
D:2:      kennysheep_big_flooded_room, zin_treasury, ecumenical_altar_2,
          tso_altar, uniq_jessica, uniq_sigmund, uniq_natasha, uniq_iyjb
